 Dungeon Crawl Stone Soup version 0.20-a0-1015-g2ec8a95 (webtiles) character file.

14568 Jakanory the Severer (level 11, -12/97 HPs)
             Began as a Minotaur Berserker on Apr 15, 2017.
             Was a High Priest of Trog.
             Mangled by a spiny frog (15 damage)
             ... on level 1 of the Lair of Beasts.
             The game lasted 00:25:09 (8959 turns).

Jakanory the Severer (Minotaur Berserker)           Turns: 8959, Time: 00:25:10

Health: -12/97     AC: 15    Str: 22    XL:     11   Next: 90%
Magic:  3/3        EV: 10    Int:  4    God:    Trog [*****.]
Gold:   792        SH:  0    Dex: 13    Spells: 10/10 levels left

rFire    . . .     SeeInvis .   a - +3 battleaxe (antimagic)
rCold    . . .     Gourm    .   (shield currently unavailable)
rNeg     . . .     Faith    .   B - +0 plate armour
rPois    .         Spirit   .   (helmet restricted)
rElec    .         Reflect  .   (no cloak)
rCorr    .         Harm     .   o - +0 pair of gloves
MR       ++...                  g - +0 pair of boots
Stlth    ..........             (no amulet)
Regen    1.3/turn               (no ring)
MPRegen  0.1/turn               (no ring)

@: regenerating
A: retaliatory headbutt, horns 2
a: Berserk, Trog's Hand, Brothers in Arms, Burn Spellbooks, Renounce Religion


You were on level 1 of the Lair of Beasts.
You worshipped Trog.
Trog was extremely pleased with you.
You were hungry.

You visited 3 branches of the dungeon, and saw 11 of its levels.
You also visited: Volcano.

You collected 792 gold pieces.

Inventory:

Hand Weapons
 a - a +3 antimagic battleaxe (weapon)
 b - a +2 lajatang of flaming
 M - a +4 fustibalus of flaming
Missiles
 n - 329 stones (quivered)
Armour
 g - a +0 pair of boots (worn)
 o - a +0 pair of gloves (worn)
 B - a +0 plate armour (worn)
 D - a +0 buckler
 L - a +0 cloak
Jewellery
 A - an uncursed ring of see invisible {unknown}
 I - an uncursed ring of see invisible {unknown}
 S - an uncursed ring of positive energy {unknown}
Wands
 l - a wand of paralysis (6/24)
 u - a wand of lightning (6/15)
 E - a wand of random effects (20/48)
 F - a wand of flame (27/48)
 Q - a wand of iceblast (3/15)
 R - a wand of random effects (24/48)
Scrolls
 f - 7 scrolls of remove curse
 h - 13 scrolls of identify
 j - 2 scrolls of blinking
 p - 4 scrolls of teleportation {unknown}
 w - 5 scrolls of fear
 y - a scroll of immolation {unknown}
 C - a scroll of enchant weapon {unknown}
 N - 3 scrolls of magic mapping
Potions
 d - 2 potions of haste {unknown}
 e - 5 potions of curing {unknown}
 i - 5 potions of brilliance {unknown}
 m - 3 potions of degeneration {unknown}
 q - 4 potions of agility
 r - 3 potions of flight {unknown}
 s - 4 potions of cancellation {unknown}
 t - a potion of invisibility {unknown}
 v - 6 potions of resistance {unknown}
 z - 2 potions of heal wounds {unknown}
 P - a potion of berserk rage {unknown}
Comestibles
 c - 6 bread rations
 k - 4 meat rations
 x - 6 chunks of flesh
 G - 3 fruits
 H - 4 royal jellies


   Skills:
 - Level 9.3 Fighting
 - Level 17.1 Axes
 + Level 2.9 Staves
 - Level 7.0 Armour
 - Level 8.8 Dodging


You had 10 spell levels left.
You didn't know any spells.

Dungeon Overview and Level Annotations

Branches:
Dungeon (9/15)             Temple (1/1) D:4            Lair (1/6) D:9
    Orc: D:9-12

Altars:
Ashenzari
Cheibriados
Dithmenos
Elyvilon
Fedhas
Gozag
Hepliaklqana
Kikubaaqudgha
Makhleb
Nemelex Xobeh
Okawaru
Qazlal
Ru
Sif Muna
Trog
Uskayaw
Vehumet
Wu Jian
Xom
Yredelemnul
Zin
The Shining One

Shops:
D:7 *

Annotations:
D:4 Monsterracer's ghost, novice DECj


Innate Abilities, Weirdness & Mutations

You reflexively headbutt those who attack you in melee.
You have a pair of horns on your head.


Message History

You slash the spiny frog! Your headbutt misses the spiny frog.
The spiny frog is heavily wounded.
The spiny frog barely misses you.
You closely miss the spiny frog. You headbutt the spiny frog.
The spiny frog is severely wounded.
The spiny frog stings you!
* * * LOW HITPOINT WARNING * * *
You barely miss the spiny frog. Your headbutt misses the spiny frog.
The spiny frog is severely wounded.
The spiny frog stings you!
* * * LOW HITPOINT WARNING * * *
You hit the spiny frog but do no damage.
The spiny frog is severely wounded.
The spiny frog stings you!
* * * LOW HITPOINT WARNING * * *
Okay, then.
You slash the spiny frog!
The spiny frog is almost dead.
The spiny frog stings you!
You die...

....................... [....
#.##................... .....
...+................... .....
....................... .....
...#...###.>###P...#### ....
...#...###P.P###...# #### ....
.......##..........# ..... .. .
...#..........##...##....# .
...#...P#.....##@.........
...#...#########F........#
#.P....#.#####P#..)##.##### .
............÷F......#.#.#P#..
............................... .
...........................$... .
.................................
...........$.....................
...................##.####.P.....


You could see a spiny frog.

Vanquished Creatures
  A red draconian (Volcano)
  Erica (D:8)
  A two-headed ogre (D:8)
  A centaur warrior (Volcano)
  The ghost of vuev the Cleaver, a novice GrMo of Qazlal (D:8)
  The ghost of Zargon the Chopper, a novice FoFi of Okawaru (D:5)
  A manticore (D:9)
  5 spiny frogs (Lair:1)
  Psyche (D:9)
  A troll (D:9)
  5 hippogriffs
  11 yaks
  A wyvern (D:8)
  Sigmund (D:2)
  A human (D:8)
  A basilisk (D:9)
  3 hogs (D:8)
  A vampire mosquito (D:8)
  Duvessa (D:5)
  4 porcupines (Lair:1)
  An orc warrior (D:7)
  3 sky beasts
  2 ice beasts
  A black bear (D:8)
  2 ogres
  A phantom (D:7)
  8 centaurs
  2 crocodiles
  A big kobold (D:8)
  8 bullfrogs
  Dowan (D:5)
  2 scorpions
  5 killer bees (D:8)
  3 wights (D:7)
  2 howler monkeys
  10 crimson imps
  A bullfrog zombie (D:7)
  A quasit (D:9)
  4 orc priests
  4 hounds
  2 jellies (D:5)
  A gnoll shaman (D:5)
  A centaur skeleton (D:7)
  A bullfrog skeleton (D:6)
  5 iguanas
  Natasha (thrice) (D:4)
  7 orc wizards
  4 worker ants
  4 hound skeletons
  A howler monkey zombie (D:8)
  Robin (D:3)
  14 gnolls
  7 adders
  A shadow imp (D:9)
  An ooze (D:2)
  An adder skeleton (D:7)
  2 dart slugs
  3 worms
  6 leopard geckos
  34 orcs
  6 bats
  3 giant cockroaches
  17 goblins
  7 hobgoblins
  15 jackals
  7 kobolds
  4 quokkas
  A ball python (D:3)
  5 frilled lizards
  2 gnoll zombies (D:7)
  A jackal skeleton (D:6)
  A jackal zombie (D:3)
  4 rats
  A bush (Lair:1)
278 creatures vanquished.

Vanquished Creatures (others)
  A centaur (Volcano)
1 creature vanquished.

Grand Total: 279 creatures vanquished

Notes
Turn   | Place    | Note
-------+----------+-------------------------------------------
     0 | D:1      | Jakanory the Minotaur Berserker began the quest for the Orb.
     0 | D:1      | Reached XP level 1. HP: 19/19 MP: 0/0
    29 | D:1      | Reached skill level 4 in Axes
   148 | D:1      | Reached XP level 2. HP: 23/26 MP: 1/1
   627 | D:1      | Reached skill level 5 in Axes
   776 | D:2      | Reached XP level 3. HP: 25/31 MP: 2/2
   802 | D:2      | Noticed Sigmund
   910 | D:2      | Killed Sigmund
   910 | D:2      | Reached skill level 7 in Axes
   910 | D:2      | Reached XP level 4. HP: 21/39 MP: 3/3
   910 | D:2      | Reached XP level 5. HP: 24/45 MP: 4/4
  1119 | D:2      | Reached ** piety under Trog
  1145 | D:2      | Found a radiant altar of Vehumet.
  1523 | D:3      | Noticed Robin
  1532 | D:3      | Killed Robin
  1541 | D:3      | Reached skill level 8 in Axes
  1628 | D:3      | Reached *** piety under Trog
  1628 | D:3      | Reached XP level 6. HP: 44/51 MP: 5/5
  1636 | D:3      | Found a stormy altar of Qazlal.
  1967 | D:4      | Reached skill level 5 in Fighting
  2473 | D:4      | Found a staircase to the Ecumenical Temple.
  2489 | Temple   | Entered the Ecumenical Temple
  2666 | D:4      | Noticed Natasha
  2672 | D:4      | Killed Natasha
  2807 | D:4      | Reached skill level 5 in Armour
  2807 | D:4      | Reached XP level 7. HP: 61/61 MP: 6/6
  2931 | D:4      | Noticed Monsterracer's ghost (novice DECj)
  2950 | D:5      | Entered Level 5 of the Dungeon
  3520 | D:5      | Noticed Zargon's ghost (novice FoFi)
  3563 | D:6      | Reached **** piety under Trog
  3603 | D:6      | Reached skill level 5 in Dodging
  3701 | D:6      | Reached XP level 8. HP: 36/68 MP: 7/7
  4280 | D:6      | Found a sacrificial altar of Ru.
  4322 | D:7      | Found Hippem's Assorted Antiques.
  4641 | D:7      | Found a basalt altar of Yredelemnul.
  4806 | D:7      | Found a white marble altar of Elyvilon.
  4828 | D:7      | Reached XP level 9. HP: 74/74 MP: 8/8
  4847 | D:7      | Reached ***** piety under Trog
  4872 | D:7      | Reached skill level 9 in Axes
  5237 | D:8      | Found a shimmering altar of Xom.
  5237 | D:8      | Found a burning altar of Makhleb.
  5238 | D:8      | Paralysed by a crimson imp for 5 turns
  5309 | D:8      | Noticed vuev's ghost (novice GrMo)
  5365 | D:5      | Killed Zargon's ghost
  5365 | D:5      | Reached skill level 10 in Axes
  5401 | D:5      | Noticed Duvessa
  5402 | D:5      | Noticed Dowan
  5408 | D:5      | Killed Duvessa
  5418 | D:5      | Killed Dowan
  5617 | D:5      | Found a blossoming altar of Fedhas.
  5620 | D:5      | Reached skill level 11 in Axes
  5881 | D:4      | Noticed Natasha
  5886 | D:4      | Killed Natasha
  6046 | D:4      | Noticed Natasha
  6053 | D:4      | Killed Natasha
  6566 | D:8      | Killed vuev's ghost
  6566 | D:8      | Reached skill level 12 in Axes
  6566 | D:8      | Reached XP level 10. HP: 81/81 MP: 9/9
  6599 | D:8      | Reached skill level 13 in Axes
  6665 | D:8      | Received a gift from Trog
  6716 | D:8      | Noticed a two-headed ogre
  6722 | D:8      | Killed a two-headed ogre
  6722 | D:8      | Reached skill level 14 in Axes
  6828 | D:8      | Noticed Erica
  6835 | D:8      | Killed Erica
  6835 | D:8      | Reached skill level 15 in Axes
  7438 | D:9      | Noticed Psyche
  7444 | D:9      | Killed Psyche
  7457 | D:9      | Reached XP level 11. HP: 81/86 MP: 3/10
  7549 | D:9      | Reached skill level 16 in Axes
  7794 | D:9      | Found a staircase to the Lair.
  8163 | Lair:1   | Entered Level 1 of the Lair of Beasts
  8213 | Lair:1   | Reached skill level 17 in Axes
  8346 | Lair:1   | Found a dark tunnel.
  8354 | Volcano  | Entered a volcano
  8370 | Volcano  | Noticed a centaur warrior
  8373 | Volcano  | Found a bloodstained altar of Trog.
  8374 | Volcano  | Noticed a red draconian
  8384 | Volcano  | Killed a centaur warrior
  8393 | Volcano  | HP: 4/138 [red draconian/searing blast (21)]
  8395 | Volcano  | Killed a red draconian
  8787 | Lair:1   | Reached skill level 1 in Staves
  8958 | Lair:1   | HP: 2/97 [spiny frog (12)]
  8959 | Lair:1   | Mangled by a spiny frog

Vault maps used:
D:1:      ncdulo_lavacross
D:2:      vehumet_crystals, roderic_nine_men_s_morris, uniq_sigmund
D:3:      old_standard_altar, uniq_robin
D:4:      minmay_temple_entry_mist, uniq_natasha
D:5:      first_bread, hangedman_decor_push, ldierk_geyser, fedhas_altar_2,
          uniq_duvessa
D:6:      kennysheep_mini
D:7:      lemuel_crystal_altar, lemuel_zombie_altar_yredelemnul, serial_shops,
          shop
D:8:      minmay_curly_fans, grunt_temple_overflow_champion_of_chaos,
          grunt_decor_one_mirror, grunt_livestock, uniq_erica
D:9:      david_lair_generic, uniq_psyche
Temple:   regret_index_temple_waves
Lair:1:   lightli_volcano_entry_magma_tube, beast_lair_carwin_3
Volcano:  kennysheep_volcano_temple

Skill      XL: |  1  2  3  4  5  6  7  8  9 10 11 |
---------------+----------------------------------+-----
Axes           | 4 5 7 8 12 15 17 | 17.1
Fighting       | 5 9 |  9.3
Armour         | 5 7 |  7.0
Dodging        | 5 8 |  8.8
Staves         | 2 |  2.9

Action                   |  1- 3 |  4- 6 |  7- 9 | 10-12 || total
-------------------------+-------+-------+-------+-------++-------
Melee: Hand axe          |    39 |   113 |    79 |       ||   231
       Headbutt          |    10 |    22 |    48 |    54 ||   134
       War axe           |       |       |   242 |    50 ||   292
       Battleaxe         |       |       |       |   219 ||   219
Throw: Stone             |     2 |    13 |       |       ||    15
Invok: Berserk           |     1 |     5 |     6 |     5 ||    17
       Trog's Hand       |       |       |       |     7 ||     7
       Burn Spellbooks   |       |       |       |     1 ||     1
       Brothers in Arms  |       |       |       |     1 ||     1
  Use: Scroll            |       |     7 |       |       ||     7
  Eat: Chunk             |       |    11 |    12 |    16 ||    39
       Royal jelly       |       |       |     2 |       ||     2
       Fruit             |       |       |     1 |     1 ||     2
Armor: Animal skin       |     5 |    25 |    10 |       ||    40
       Plate armour      |       |       |   111 |   159 ||   270
       Ring mail         |       |       |    12 |       ||    12
Dodge: Dodged            |    23 |    83 |   172 |   171 ||   449
